 Dungeon Crawl Stone Soup version 0.22.1-2-g9c5b331383 (webtiles) character file.

1257 Marnok the Covered (level 8, -4/61 HPs)
             Began as a Human Fighter on Nov 25, 2018.
             Was a Follower of Dithmenos.
             Slain by an ice beast (14 damage)
             ... on level 5 of the Dungeon.
             The game lasted 00:28:31 (5475 turns).

Marnok the Covered (Human Fighter)                  Turns: 5475, Time: 00:28:31

Health: -4/61      AC: 11    Str: 17    XL:     8   Next: 81%
Magic:  8/8        EV:  6    Int: 10    God:    Dithmenos [*.....]
Gold:   119        SH: 10    Dex: 13    Spells: 7/7 levels left

rFire    . . .     SeeInvis .   b - +0 whip (flame)
rCold    . . .     Gourm    .   c - +0 shield
rNeg     . . .     Faith    .   s - +0 chain mail
rPois    .         Spirit   .   (no helmet)
rElec    .         Reflect  .   (no cloak)
rCorr    .         Harm     .   (no gloves)
MR       .....                  q - +0 pair of boots
Stlth    ..........             (no amulet)
HPRegen  0.20/turn              (no ring)
MPRegen  0.11/turn              (no ring)

@: wreathed by umbra
A: no striking features
a: Renounce Religion


You were on level 5 of the Dungeon.
You worshipped Dithmenos.
Dithmenos was aware of your devotion.
You were not hungry.

You visited 1 branch of the dungeon, and saw 6 of its levels.

You collected 189 gold pieces.
You spent 70 gold pieces at shops.

Inventory:

Hand Weapons
 a - a +0 long sword
 b - a +0 whip of flaming (weapon)
 m - a +0 blowgun
 r - a +2 flail of venom
Missiles
 g - a throwing net (quivered)
 n - 7 poisoned needles
Armour
 c - a +0 shield (worn)
 q - a +0 pair of boots (worn)
 s - a +0 chain mail (worn)
Scrolls
 d - a scroll of teleportation
 f - a scroll of remove curse
 k - a scroll of fog {unknown}
Comestibles
 j - 2 rations


   Skills:
 + Level 4.5 Fighting
 + Level 5.1 Long Blades
 + Level 3.5 Maces & Flails
 + Level 5.6 Armour
 + Level 2.1 Dodging
 + Level 1.0 Stealth
 + Level 5.2 Shields


You had 7 spell levels left.
You didn't know any spells.
Your spell library was empty.

Dungeon Overview and Level Annotations

Branches:
Dungeon (6/15)
 Temple: D:4-7

Altars:
Dithmenos
Gozag
Kikubaaqudgha
Sif Muna

Shops:
D:4 *

Annotations:
D:5 Grinder


Message History

The ice beast is heavily wounded.
The crimson imp blinks!
The ice beast barely misses you.
You closely miss the ice beast.
The ice beast is heavily wounded.
The ice beast hits you but does no damage.
You hit the ice beast but do no damage.
The ice beast is heavily wounded.
The crimson imp blinks!
The ice beast hits you. The ice beast freezes you.
* * * LOW HITPOINT WARNING * * *
You hit the ice beast.
You melt the ice beast.
The ice beast is severely wounded.
You closely miss the ice beast.
The ice beast is severely wounded.
You block the ice beast's attack.
You closely miss the ice beast.
The ice beast is severely wounded.
The ice beast hits you.
* * * LOW HITPOINT WARNING * * *
The ice beast freezes you!
You die...

..........# .........##
.........## .........##
.......... ##.........
####.............
.######...............#
......Y@......####...#
.........##...## #..#
.....5...###...##...#
.........# ##......#
#....#.....# ##.....#
....ยง.....# ##...##
#....#....# ##...#####
#..5.##...#######........
#...##..................


You could see Grinder, an ice beast and a crimson imp.

Vanquished Creatures
  Pikel (D:5)
  Sigmund (D:4)
  2 ice beasts (D:5)
  A centaur (D:4)
  A scorpion (D:4)
  A gnoll shaman (D:3)
  2 hounds
  2 orc priests (D:3)
  An orc wizard (D:3)
  4 gnolls
  3 adders (D:4)
  2 oozes
  2 worms (D:4)
  4 leopard geckos
  19 orcs
  2 giant cockroaches
  6 hobgoblins
  5 jackals
  4 kobolds
  A quokka (D:2)
  5 bats (D:1)
  4 frilled lizards
  5 goblins
  3 rats
81 creatures vanquished.

Vanquished Creatures (others)
  A slave (D:5)
1 creature vanquished.

Grand Total: 82 creatures vanquished

Notes
Turn   | Place    | Note
-------+----------+-------------------------------------------
     0 | D:1      | Marnok the Human Fighter began the quest for the Orb.
     0 | D:1      | Reached XP level 1. HP: 18/18 MP: 1/1
     2 | D:1      | Noticed a halfling
     2 | D:1      | Noticed a centaur
     4 | D:1      | Noticed a draconian
     6 | D:1      | Noticed a merfolk
     6 | D:1      | Noticed a naga
     8 | D:1      | Noticed a troll
     8 | D:1      | Noticed a gargoyle
    10 | D:1      | Noticed a demonspawn
    10 | D:1      | Noticed a formicid
    12 | D:1      | Noticed a spriggan
    12 | D:1      | Noticed a dwarf
    14 | D:1      | Noticed an octopode
    14 | D:1      | Noticed a ghoul
    16 | D:1      | Noticed a human
    18 | D:1      | Noticed a minotaur
    18 | D:1      | Noticed a demigod
    21 | D:1      | Noticed a vine stalker
    21 | D:1      | Noticed an ogre
    23 | D:1      | Noticed a tengu
    23 | D:1      | Noticed an elf
    25 | D:1      | Noticed a felid
    25 | D:1      | Noticed a vampire
    58 | D:1      | Reached XP level 2. HP: 14/24 MP: 2/2
   104 | D:1      | Reached XP level 3. HP: 6/29 MP: 3/3
  1134 | D:2      | Found a shadowy altar of Dithmenos.
  1140 | D:2      | Became a worshipper of Dithmenos the Shadowed
  1423 | D:3      | HP: 1/29 [poisoned by an orc]
  1770 | D:3      | Reached XP level 4. HP: 35/35 MP: 4/4
  1796 | D:3      | HP: 1/35 [orc priest/divine providence (12)]
  2124 | D:3      | Found an ancient bone altar of Kikubaaqudgha.
  2143 | D:3      | Reached skill level 1 in Maces & Flails
  2143 | D:3      | Reached skill level 1 in Dodging
  2143 | D:3      | Reached XP level 5. HP: 30/41 MP: 5/5
  2243 | D:5      | Entered Level 5 of the Dungeon
  2708 | D:4      | Reached * piety under Dithmenos
  2717 | D:4      | Found Qos Qisui's General Store.
  2950 | D:3      | Reached XP level 6. HP: 40/47 MP: 6/6
  3173 | D:5      | Noticed an ice beast
  3196 | D:5      | Killed an ice beast
  3196 | D:5      | Reached XP level 7. HP: 36/53 MP: 7/7
  3457 | D:4      | Found a deep blue altar of Sif Muna.
  3619 | D:4      | Noticed Sigmund
  4095 | D:4      | Killed Sigmund
  4095 | D:4      | Reached skill level 5 in Armour
  4264 | D:4      | Bought a ration for 70 gold pieces
  4268 | D:5      | Found an opulent altar of Gozag.
  4932 | D:5      | Reached XP level 8. HP: 47/60 MP: 8/8
  5096 | D:5      | Noticed Pikel
  5377 | D:5      | Killed Pikel
  5377 | D:5      | Reached skill level 5 in Long Blades
  5377 | D:5      | Reached skill level 1 in Stealth
  5377 | D:5      | Reached skill level 5 in Shields
  5452 | D:5      | Noticed Grinder
  5475 | D:5      | Slain by an ice beast

Skill      XL: |  1  2  3  4  5  6  7  8 |
---------------+-------------------------+-----
Armour         | 4 5 |  5.6
Maces & Flails | 1 3 |  3.5
Dodging        | 1 2 |  2.1
Long Blades    | 3 4 5 |  5.1
Shields        | 4 5 |  5.2
Fighting       | 4 |  4.5
Stealth        | 1 |  1.0

Action                   |  1- 3 |  4- 6 |  7- 9 || total
-------------------------+-------+-------+-------++-------
Melee: Long sword        |    83 |    45 |   166 ||   294
       Flail             |     5 |    97 |    10 ||   112
       Whip              |       |       |    29 ||    29
  Use: Potion            |     4 |     1 |     3 ||     8
       Scroll            |     6 |     4 |     2 ||    12
  Eat: Ration            |     1 |     2 |     2 ||     5
Armor: Scale mail        |    42 |     8 |       ||    50
       Chain mail        |       |    67 |   148 ||   215
Dodge: Dodged            |    28 |    28 |    60 ||   116
Block: Shield            |    54 |    78 |   116 ||   248
       Rpst.: Long sword |     8 |     5 |    15 ||    28
